 Dungeon Crawl Stone Soup version 0.26-a0-812-g31a745ddcd (webtiles) character file.

Game seed: 2787416918311566533

147 mhoghedin the Grave Robber (level 5, -4/35 HPs)
             Began as a Mummy Necromancer on Nov 21, 2020.
             Was an Initiate of Vehumet.
             Hit by a javelin thrown by an orc (7 damage)
             ... on level 6 of the Dungeon.
             The game lasted 00:09:23 (3751 turns).

mhoghedin the Grave Robber (Mummy Necromancer)      Turns: 3751, Time: 00:09:24

Health: -4/35      AC:  2    Str: 11    XL:     5   Next: 7%
Magic:  11/12      EV: 12    Int: 16    God:    Vehumet [......]
Gold:   127        SH:  0    Dex: 12    Spells: 8/13 levels left

rFire    x . .     SeeInvis .   b - +0 mace
rCold    + . .     Faith    .   (no shield)
rNeg     + + +     Spirit   .   a - +0 robe
rPois    ∞         Reflect  .   (no helmet)
rElec    .         Harm     .   (no cloak)
rCorr    .         Rampage  .   (no gloves)
MR       .....                  (no boots)
Stlth    ++........             l - amulet of magic regeneration
HPRegen  0.11/turn              (no ring)
MPRegen  0.38/turn              (no ring)

@: no status effects
A: no potions, fire vulnerability, cold resistance 1, negative energy resistance
3, torment resistance, unbreathing
a: Renounce Religion


You were on level 6 of the Dungeon.
You worshipped Vehumet.
Vehumet was noncommittal.
You visited 1 branch of the dungeon, and saw 5 of its levels.

You collected 127 gold pieces.

Inventory:

Hand Weapons
 b - a +0 mace (weapon)
   (You found it on level 1 of the Dungeon)
Missiles
 g - a throwing net {=f, !d}
 j - 18 poisoned darts (quivered)
Armour
 a - a +0 robe (worn)
 m - a +0 pair of gloves
   (You found it on level 3 of the Dungeon)
 n - a +1 robe of magic resistance
   (You took it off an orc wizard on level 6 of the Dungeon)
Jewellery
 f - an uncursed amulet of the acrobat
   (You found it on level 1 of the Dungeon)
 l - an amulet of magic regeneration (around neck)
   (You found it on level 3 of the Dungeon)
Scrolls
 c - 4 scrolls of remove curse
 d - 2 scrolls of identify
 h - 2 scrolls of amnesia
 i - 2 scrolls of enchant weapon
 k - a scroll of magic mapping {!r}


   Skills:
 - Level 1.6 Dodging
 - Level 1.6 Stealth
 + Level 4.9 Spellcasting
 + Level 5.3 Necromancy


You had 8 spell levels left.
You knew the following spells:

 Your Spells              Type           Power        Failure   Level
a - Pain                  Necr           ###.         1%          1
x - Vampiric Draining     Necr           ###.......   5%          3
A - Animate Skeleton      Necr           ###...       1%          1

Your spell library contained the following spells:

 Spells                   Type           Power        Failure   Level
 Corona                   Hex            #......      16%         1
 Animate Dead             Necr           ###.......   17%         4
 Ensorcelled Hibernation  Hex/Ice        #.....       24%         2
 Confusing Touch          Hex            #.......     43%         3
 Dazzling Flash           Conj/Hex       #.....       43%         3
 Tukima's Dance           Hex            #.......     43%         3
 Agony                    Necr           ###.....     43%         5
 Summon Demon             Summ           #.........   99%         5
 Summon Forest            Summ/Tloc      #.........   99%         5
 Summon Mana Viper        Hex/Summ       #.......     99%         5
 Shadow Creatures         Summ           N/A          100%        6
 Summon Hydra             Summ           #.........   100%        7


Dungeon Overview and Level Annotations

Branches:
Dungeon (4/15)
 Temple: D:4-7

Altars:
Cheibriados
Vehumet
The Shining One

Annotations:
D:4 Dowan


Innate Abilities, Weirdness & Mutations

You do not drink.
Your flesh is vulnerable to fire.
You are immune to poison.
Your flesh is cold resistant. (rC+)
You are immune to negative energy. (rN+++)
You are immune to unholy pain and torment.
You can survive without breathing.


Message History

You take 1 damage, and have 29/30 hp.
Throwing (i - inventory. (/) - cycle)
j - 18 poisoned darts (quivered)
Aim: a worker ant You throw a poisoned dart.
The poisoned dart hits the worker ant.
The worker ant is poisoned.
The worker ant closely misses you.
Health restored: 30 The worker ant barely misses you.
You barely miss the worker ant.
The worker ant looks more healthy.
The worker ant bites you.
You take 4 damage, and have 26/30 hp.
The spell is quite dangerous to cast (7% risk of failure)!
Continue anyway?
Okay, then.
Unknown command.
Aim: a worker ant (severely wounded, chance to defeat MR: 84%)
The worker ant writhes in agony!
You kill the worker ant!
Vehumet accepts your kill.
You now have 9/10 mp.
Okay, then.
Unknown command.
Okay, then.
Unknown command.
MP restored: 10 You see here a poisoned dart.
j - 18 poisoned darts (gained 1)
An adder comes into view.
The gnoll sergeant shouts!
The gnoll shouts!
The gnoll shouts!
The gnoll closely misses you.
An ooze comes into view.
Health restored: 30 An orc wizard comes into view.
It is wielding a +0 dagger and wearing a +1 robe of magic resistance.
You closely miss the orc wizard.
The orc wizard shouts!
You hear a shout! x2
The orc wizard looks braver for a moment.
The gnoll sergeant barely misses you.
You hear a shout!
Okay, then.
Unknown command.
You aren't carrying any items that you can evoke.
Okay, then.
Aim: an orc wizard, wielding a +0 dagger and wearing a +1 robe of magic resistance (chance to defeat MR: 46%)
The orc wizard resists with some effort.
The orc wizard closely misses you. The gnoll sergeant closely misses you.
You now have 9/10 mp.
Aim: an orc wizard, wielding a +0 dagger and wearing a +1 robe of magic resistance (chance to defeat MR: 46%)
Okay, then.
Unknown command.
You hit the orc wizard.
The orc wizard gestures at you while chanting.
The magic dart hits you!
The gnoll sergeant hits you from afar with a +0 spear.
The orc wizard gestures at you while chanting.
The puff of frost misses you.
The puff of frost hits the gnoll!
The gnoll sergeant hits you from afar with a +0 spear.
You take 17 damage, and have 13/30 hp.
MASSIVE DAMAGE!!
Unknown command.
Aim: an orc wizard, wielding a +0 dagger and wearing a +1 robe of magic resistance (heavily wounded)
You kill the orc wizard!
Vehumet accepts your kill.
You have reached level 5!
You feel clever.
You feel life coursing into your body.
An orc comes into view.
It is wielding a +0 whip and quivering 11 poisoned darts.
The gnoll hits you.
The gnoll sergeant hits you from afar with a +0 spear!
* * * LOW HITPOINT WARNING * * *
You take 4 damage, and have 9/35 hp.
You now have 8/12 mp.
Unknown command.
Unknown command.
The orc hits you but does no damage.
Items here: ! ) ? [ †.
n - a +1 robe of magic resistance The ooze hits you.
* * * LOW HITPOINT WARNING * * *
The orc hits you with a +0 whip.
* * * LOW HITPOINT WARNING * * *
The gnoll hits you.
* * * LOW HITPOINT WARNING * * *
The gnoll sergeant misses you.
You take 5 damage, and have 4/35 hp.
The ooze closely misses you. The orc closely misses you.
An iguana comes into view.
The ooze misses you. The orc closely misses you. The gnoll closely misses you.
As you read the scroll of teleportation, it crumbles to dust.
You feel strangely unstable. The gnoll misses you.
Your surroundings suddenly seem different.
The orc shouts!
The centaur shouts!
The orc shouts! x2
Something shouts, "Escape, thou surly nose-picking linensack!"
The orc throws a stone.
The stone hits you.
* * * LOW HITPOINT WARNING * * *
You hear a shout!
You see here a stone.
You take 1 damage, and have 3/35 hp.
The orc throws a javelin.
The javelin pierces through you!
You die...

.... ... #........
....
#.#####.##.....o..
.... .
..##[......#+#####
.... ..
..##.##..#.# ####
... ###'##'###.#.#
.... #.....o.##...#
.....#.......###..#
.....o.o.....# #.o#
#.(@.(..# ##)#
#.......# #.# .
#oo.....# #o# l.
........#...o># ...
...###.###.#####
... #..#. .# ...
#..#. .# ... .. #.
.# ...


You could see 5 orcs.

Vanquished Creatures
  An orc wizard (D:6)
  A worker ant (D:6)
  3 adders
  An ooze (D:2)
  A worm (D:2)
  2 leopard geckos
  3 orcs
  5 ball pythons
  2 bats
  4 giant cockroaches
  4 goblins
  5 hobgoblins
  3 jackals (D:1)
  6 kobolds
  2 quokkas (D:3)
  6 frilled lizards
  7 rats
56 creatures vanquished.

Vanquished Creatures (others)
  3 plants (D:6)
3 creatures vanquished.

Grand Total: 59 creatures vanquished

Notes
Turn   | Place    | Note
-------+----------+-------------------------------------------
     0 | D:1      | mhoghedin the Mummy Necromancer began the quest for the
                  | Orb.
     0 | D:1      | Reached XP level 1. HP: 13/13 MP: 4/4
    41 | D:1      | Learned a level 1 spell: Animate Skeleton
   117 | D:1      | Reached skill level 3 in Spellcasting
   224 | D:1      | Reached XP level 2. HP: 13/19 MP: 3/6
   445 | D:1      | HP: 3/19 [jackal (3)]
   451 | D:1      | HP: 1/19 [jackal (2)]
  1235 | D:2      | Reached XP level 3. HP: 15/24 MP: 8/8
  1557 | D:2      | Learned a level 3 spell: Vampiric Draining
  1982 | D:2      | Reached skill level 4 in Spellcasting
  2457 | D:3      | Reached XP level 4. HP: 26/30 MP: 3/10
  2567 | D:3      | Found a snail-covered altar of Cheibriados.
  2614 | D:3      | Found a glowing golden altar of the Shining One.
  2679 | D:3      | Reached skill level 5 in Necromancy
  3143 | D:3      | Found a radiant altar of Vehumet.
  3159 | D:3      | Became a worshipper of Vehumet
  3255 | D:4      | Noticed Dowan
  3280 | D:4      | You fall into a shaft and drop 2 floors!
  3281 | D:6      | Noticed an ice beast
  3281 | D:6      | Noticed a gnoll sergeant
  3281 | D:6      | Noticed a sky beast
  3314 | D:6      | Noticed a centaur
  3742 | D:6      | Reached XP level 5. HP: 15/35 MP: 7/12
  3744 | D:6      | HP: 8/35 [ooze (1)]
  3750 | D:6      | HP: 3/35 [orc/stone (1)]
  3751 | D:6      | Hit by a javelin thrown by an orc

Illustrated notes

Levels and vault maps discovered:
D:1:      onia_arrival_handbag, layout_basic, nrook_uturn
D:2:      layout_loops_ring, hex_tiny
D:3:      layout_rooms, tso_oasis_becter, cheibriados_altar_1, marbit_many_paths
D:4:      wander_river, layout_basic, minmay_misc_feat_cross, uniq_pikel,
          uniq_ijyb, uniq_grinder, uniq_duvessa, uniq_blork_the_orc
D:6:      layout_basic, serial_bayou_pond_e

Skill      XL: |  1  2  3  4 |
---------------+-------------+-----
Spellcasting   | 3 4 |  4.9
Necromancy     | 5 |  5.3
Dodging        | |  1.6
Stealth        | |  1.6

Action                   |  1- 3 |  4- 6 || total
-------------------------+-------+-------++-------
Melee: Mace              |    88 |    31 ||   119
Throw: Dart              |     2 |     4 ||     6
 Cast: Animate Skeleton  |     5 |       ||     5
       Pain              |    27 |     6 ||    33
       Vampiric Draining |       |     3 ||     3
  Use: Scroll            |       |    11 ||    11
 Stab: Sleeping          |     3 |     3 ||     6
Armor: Robe              |    27 |     8 ||    35
Dodge: Dodged            |   113 |    43 ||   156

Table legend: (Time is in decaauts)
 A = Elapsed time spent in this place.
 B = Non-inter-level travel time spent in this place.
 C = Inter-level travel time spent in this place.
 D = Time resting spent in this place.
 E = Time spent auto-exploring this place.
 F = Levels seen in this place.
 G = Mean time per level.
                   A        B        C        D        E       F      G
               +--------+--------+--------+--------+--------+-----+--------+
         Total |   3810 |   3707 |    103 |   1286 |   1756 |   5 |  762.0 |
       Dungeon |   3810 |   3707 |    103 |   1286 |   1756 |   5 |  762.0 |
               +--------+--------+--------+--------+--------+-----+--------+

Top non-repeatable levels by time:
     D:1: 1232 daAuts
     D:2: 1135 daAuts
     D:3: 870 daAuts
     D:6: 473 daAuts
     D:4: 99 daAuts

Table legend:
 A = Kills in this place as a percentage of kills in entire the game.
 B = Kills by you in this place as a percentage of kills by you in the entire game.
 C = Kills by friends in this place as a percentage of kills by friends in the entire game.
 D = Other kills in this place as a percentage of other kills in the entire game.
 E = Experience gained in this place as a percentage of experience gained in the entire game.
 F = Experience gained in this place divided by the number of levels of this place that you have seen.
                   A       B       C       D       E      F
               +-------+-------+-------+-------+-------+----------------------
         Total | 100.0 | 100.0 |   N/A |   N/A | 100.0 |  42.0
       Dungeon | 100.0 | 100.0 |   N/A |   N/A | 100.0 |  42.0
               +-------+-------+-------+-------+-------+----------------------
